 Dungeon Crawl Stone Soup version 0.21-a0-352-g5b8f553 (webtiles) character file.

5789 nikopol the Cleaver (level 10, -1/88 HPs)
             Began as a Hill Orc Fighter on Oct 10, 2017.
             Was a Priest of Okawaru.
             Slain by an unseen horror (3 damage)
             ... on level 8 of the Dungeon.
             The game lasted 00:37:51 (10608 turns).

nikopol the Cleaver (Hill Orc Fighter)             Turns: 10608, Time: 00:37:51

Health: -1/88      AC: 10    Str: 23    XL:     10   Next: 79%
Magic:  10/10      EV: 10    Int:  8    God:    Okawaru [***...]
Gold:   401        SH: 16    Dex: 10    Spells: 9/9 levels left

rFire    . . .     SeeInvis .   a - +1 war axe
rCold    . . .     Gourm    .   c - +1 shield
rNeg     . . .     Faith    .   b - +0 scale mail
rPois    .         Spirit   .   D - +1 helmet
rElec    .         Reflect  +   (no cloak)
rCorr    .         Harm     .   (no gloves)
MR       +....                  (no boots)
Stlth    ..........             E - +4 amulet of reflection
HPRegen  0.24/turn              y - ring of protection from magic
MPRegen  0.12/turn              (no ring)

@: no status effects
A: no striking features
a: Heroism, Renounce Religion


You were on level 8 of the Dungeon.
You worshipped Okawaru.
Okawaru was most pleased with you.
You were not hungry.

You visited 2 branches of the dungeon, and saw 9 of its levels.
You also visited: Ossuary.

You collected 401 gold pieces.

Inventory:

Hand Weapons
 a - a +1 war axe (weapon)
 z - the +0 mace of Amorality {crush, rF++ Str+8}
   (You took it off an orc on level 8 of the Dungeon)

   It inflicts extra damage upon your enemies.
   It affects your strength (+8).
   It greatly protects you from fire.
Missiles
 u - 18 tomahawks (quivered)
 C - 2 tomahawks of returning
 F - a throwing net
Armour
 b - a +0 scale mail (worn)
 c - a +1 shield (worn)
 D - a +1 helmet (worn)
 J - a +0 buckler of protection
Jewellery
 y - a ring of protection from magic (left hand)
 E - a +4 amulet of reflection (around neck)
Wands
 w - a wand of flame (26/48)
 B - a wand of iceblast (12/15)
Scrolls
 d - a scroll of fear
 e - 5 scrolls of enchant weapon
 h - 5 scrolls of identify
 k - a scroll of blinking
 q - 3 scrolls of teleportation
 x - 7 scrolls of remove curse
 I - a scroll of magic mapping
Potions
 g - 2 potions of lignification
 l - 2 potions of flight
 m - 2 potions of invisibility
 n - 2 potions of berserk rage
 o - a potion of mutation
 p - a potion of brilliance
 r - 3 potions of heal wounds
 t - 6 potions of curing
Comestibles
 f - 5 bread rations
 s - 4 royal jellies
 v - 7 fruits
 A - 2 meat rations
 H - 3 chunks of flesh


   Skills:
 + Level 8.0 Fighting
 + Level 13.0 Axes
 + Level 0.4 Throwing
 + Level 7.8 Armour
 + Level 3.7 Dodging
 + Level 1.2 Stealth
 + Level 8.1 Shields


You had 9 spell levels left.
You didn't know any spells.

Dungeon Overview and Level Annotations

Branches:
Dungeon (8/15)             Temple (1/1) D:6
   Lair: D:8-11

Altars:
Ashenzari
Cheibriados
Dithmenos
Elyvilon
Fedhas
Gozag
Hepliaklqana
Kikubaaqudgha
Makhleb
Nemelex Xobeh
Okawaru
Qazlal
Ru
Sif Muna
Trog
Uskayaw
Vehumet
Wu Jian
Xom
Yredelemnul
Zin
The Shining One


Message History

You barely miss something. Something hits you!
* * * LOW HITPOINT WARNING * * *
Your shield and scale mail prevent you from hitting something.
You block something's attack.
You slash something! Something hits you!
* * * LOW HITPOINT WARNING * * *
Something hits you but does no damage.
You miss something. Something hits you.
* * * LOW HITPOINT WARNING * * *
You slash something! You block something's attack.
Something hits you but does no damage. Something hits you but does no damage.
You hit something but do no damage. Something hits you but does no damage.
You closely miss something. Something hits you but does no damage.
Something hits you.
* * * LOW HITPOINT WARNING * * *
Something hits you but does no damage. Something hits you!
* * * LOW HITPOINT WARNING * * *
You closely miss something. You block something's attack. Something hits you.
You die...

............# ..# ....###.###.#
..# ..Y.# #.###.# ###########.##
..§####.#...####...##...#...##
.#§....)[.................#...
##.'#########'#(#.#.........#.
#.)#.#....#..##.#.............
[.a#..##..#..##{##.....)......
...##.##....##.#@#......#####.
#...#.......##...##.....#
#...##...#.##.#.#.#..#.## ###.
#....#.#...##....†##.#.###....
#....###..##)#.#.#.#...##...#####
..[...#...##.......##.....#......
....#.##.##.#.#.#.#.#...#...#####
(..(...#. #.........##..# .##
####(.(# '#######+#'#.###.#


There were no monsters in sight!

Vanquished Creatures
  A two-headed ogre (D:8)
  Pikel (D:5)
  Prince Ribbit (D:8)
  Sigmund (D:2)
  A yak (D:8)
  A vampire mosquito (D:8)
  A steam dragon (D:8)
  The ghost of DEFE the Charmwright, an amateur DESk of Vehumet (D:4)
  An orc warrior (D:5)
  2 necrophages
  A phantom (D:7)
  A sky beast (D:6)
  3 slaves (D:6)
  3 ogres
  3 centaurs
  A big kobold (D:8)
  3 bullfrogs
  8 water moccasin zombies
  4 scorpions
  10 killer bees
  3 wights (D:8)
  A howler monkey (D:5)
  4 crimson imps
  A centaur zombie (D:8)
  3 hounds
  A bullfrog zombie (D:8)
  5 orc priests
  2 centaur skeletons
  2 bullfrog skeletons
  Terence (D:2)
  4 iguanas
  3 orc wizards
  2 worker ants (D:8)
  A killer bee zombie (D:6)
  3 big kobold zombies (Ossuary)
  3 hound skeletons
  3 mummies
  A worker ant zombie (D:5)
  13 gnolls
  9 adders
  2 shadow imps (D:7)
  3 oozes
  4 adder zombies (Ossuary)
  2 adder skeletons (D:4)
  2 worms
  3 dart slugs
  8 leopard geckos
  24 orcs
  6 bats
  10 giant cockroaches
  3 gnoll zombies (Ossuary)
  12 goblins
  10 hobgoblins
  10 jackals
  12 kobolds
  2 quokkas
  A ball python (D:2)
  9 frilled lizards
  A giant cockroach zombie (D:5)
  6 hobgoblin zombies
  3 kobold zombies
  3 orc zombies (Ossuary)
  2 quokka skeletons (D:4)
  7 rats
258 creatures vanquished.

Vanquished Creatures (others)
  An orc (D:7)
1 creature vanquished.

Grand Total: 259 creatures vanquished

Notes
Turn   | Place    | Note
-------+----------+-------------------------------------------
     0 | D:1      | nikopol the Hill Orc Fighter began the quest for the Orb.
     0 | D:1      | Reached XP level 1. HP: 19/19 MP: 1/1
    31 | D:1      | Reached XP level 2. HP: 25/27 MP: 2/2
    49 | D:1      | Reached skill level 3 in Axes
    53 | D:1      | Reached XP level 3. HP: 26/33 MP: 3/3
   659 | D:2      | Reached XP level 4. HP: 40/40 MP: 4/4
   801 | D:2      | Reached skill level 4 in Axes
   960 | D:2      | Noticed Terence
   971 | D:2      | Killed Terence
   971 | D:2      | Reached skill level 1 in Dodging
  1223 | D:2      | Noticed Sigmund
  1252 | D:2      | Killed Sigmund
  1252 | D:2      | Reached skill level 5 in Axes
  1252 | D:2      | Reached XP level 5. HP: 13/47 MP: 5/5
  1252 | D:2      | Reached XP level 6. HP: 15/53 MP: 6/6
  2777 | D:4      | Noticed DEFE's ghost (amateur DESk)
  2780 | D:4      | Found a sacrificial altar of Ru.
  2835 | D:4      | Killed DEFE's ghost
  2835 | D:4      | Reached skill level 6 in Axes
  2835 | D:4      | Reached XP level 7. HP: 45/60 MP: 7/7
  2999 | D:4      | Reached skill level 5 in Fighting
  3293 | D:5      | Entered Level 5 of the Dungeon
  3298 | D:5      | Reached skill level 5 in Armour
  3410 | D:5      | Reached skill level 5 in Shields
  3697 | D:5      | Reached skill level 7 in Axes
  4010 | D:5      | Reached XP level 8. HP: 35/69 MP: 8/8
  4747 | D:6      | Noticed Pikel
  5025 | D:5      | Reached skill level 8 in Axes
  5241 | D:6      | Found a staircase to the Ecumenical Temple.
  5267 | Temple   | Entered the Ecumenical Temple
  5291 | Temple   | Became a worshipper of Warmaster Okawaru
  5806 | D:6      | Reached XP level 9. HP: 67/75 MP: 9/9
  5859 | D:6      | Reached skill level 9 in Axes
  6120 | D:5      | Killed Pikel
  6120 | D:5      | Reached * piety under Okawaru
  6350 | D:7      | Found a shattered altar of Ashenzari.
  6410 | D:7      | Reached skill level 10 in Axes
  6972 | D:7      | HP: 2/78 [orc priest/nerve-wracking pain (14)]
  6973 | D:7      | Reached ** piety under Okawaru
  7067 | D:7      | Found a sand-covered staircase.
  7076 | Ossuary  | Entered an ossuary
  7437 | Ossuary  | Reached skill level 11 in Axes
  7624 | D:7      | Reached XP level 10. HP: 86/86 MP: 10/10
  8672 | D:8      | Reached skill level 1 in Stealth
  8694 | D:8      | Noticed a two-headed ogre
  8981 | D:8      | Noticed Prince Ribbit
  8991 | D:8      | Killed Prince Ribbit
  8991 | D:8      | Reached skill level 12 in Axes
  9224 | D:8      | Found a snail-covered altar of Cheibriados.
  9775 | D:8      | Reached *** piety under Okawaru
  9791 | D:8      | Found an opulent altar of Gozag.
  9910 | D:8      | Killed a two-headed ogre
 10322 | D:8      | Got a dazzling mace {crush}
 10327 | D:8      | Identified the cursed +0 mace of Amorality {crush, rF++ Str+8} (You took it off an orc on level 8 of the Dungeon)
 10384 | D:8      | Noticed a catoblepas
 10579 | D:8      | Reached skill level 13 in Axes
 10607 | D:8      | HP: 2/88 [something (7)]
 10608 | D:8      | Slain by an unseen horror

Vault maps used:
D:1:      dpeg_arrival_round_c
D:2:      serial_forest, infiniplex_forest_straight_3,
          infiniplex_forest_clump_tiny, infiniplex_forest_straight_5,
          infiniplex_forest_clump_curved, infiniplex_forest_zigzag_1,
          infiniplex_forest_end_1, infiniplex_forest_straight_2,
          infiniplex_forest_clump_curved, infiniplex_forest_zigzag_1,
          grunt_ministairs_7, minmay_lizard_pond, uniq_terence, uniq_sigmund
D:4:      lemuel_doored_altar, first_bread
D:5:      minivault_23
D:6:      minmay_temple_entry_hall, uniq_pikel
D:7:      nicolae_ossuary_entry_giza, nicolae_ashenzari_panopticon
D:8:      minmay_the_grid_triangle_9x9_rhombus_thin, basic_altar,
          grunt_gozag_breadcrumbs, uniq_prince_ribbit1
Temple:   grunt_wide_crystal_templ
Ossuary:  ossuary_tomb_2

Skill      XL: |  1  2  3  4  5  6  7  8  9 10 |
---------------+-------------------------------+-----
Fighting       | 4 5 6 7 8 |  8.0
Axes           | 3 5 6 7 8 11 13 | 13.0
Armour         | 4 5 6 7 |  7.8
Dodging        | 1 2 3 |  3.7
Shields        | 4 5 7 8 |  8.1
Stealth        | 1 |  1.2
Throwing       | |  0.4

Action                   |  1- 3 |  4- 6 |  7- 9 | 10-12 || total
-------------------------+-------+-------+-------+-------++-------
Melee: War axe           |    90 |   238 |   456 |   250 ||  1034
Throw: Tomahawk          |       |       |     7 |       ||     7
       Throwing net      |       |       |     1 |       ||     1
  Use: Potion            |       |       |     3 |     1 ||     4
       Scroll            |       |       |    17 |     3 ||    20
 Stab: Distracted        |       |       |       |     1 ||     1
  Eat: Chunk             |       |     6 |    13 |     8 ||    27
       Royal jelly       |       |       |     1 |       ||     1
       Fruit             |       |       |       |     4 ||     4
Armor: Scale mail        |    39 |    97 |   155 |    57 ||   348
Dodge: Dodged            |    35 |    67 |   132 |    59 ||   293
Block: Shield            |    43 |    99 |   306 |   187 ||   635
       Reflection        |       |       |     3 |     3 ||     6

Table legend:
 A = Spawn XP
 B = Non-spawn XP
 C = Spawn XP percentage of total XP
 D = Spawn monster count
 E = Non-spawn monster count
 F = Spawn count percentage of total count
 G = Total turns spent on level
                    A         B        C        D         E        F      G
               +---------+---------+-------+---------+---------+-------+---------
         Total |       0 |    8270 |   0.0 |       0 |     256 |   0.0 | 10608
               +---------+---------+-------+---------+---------+-------+---------
           D:1 |       0 |      69 |   0.0 |       0 |      32 |   0.0 |   531
           D:2 |       0 |     320 |   0.0 |       0 |      26 |   0.0 |  1164
           D:3 |       0 |      55 |   0.0 |       0 |      26 |   0.0 |   694
           D:4 |       0 |     363 |   0.0 |       0 |      23 |   0.0 |   904
           D:5 |       0 |    1318 |   0.0 |       0 |      27 |   0.0 |  1657
           D:6 |       0 |    1262 |   0.0 |       0 |      27 |   0.0 |  1940
           D:7 |       0 |    1199 |   0.0 |       0 |      26 |   0.0 |  1764
           D:8 |       0 |    2991 |   0.0 |       0 |      40 |   0.0 |  1355
       Ossuary |       0 |     693 |   0.0 |       0 |      29 |   0.0 |   501
               +---------+---------+-------+---------+---------+-------+---------
